 Dungeon Crawl Stone Soup version 0.16-a0-2989-gec99a28 (webtiles) character file.

12637 Ratboiler the Basher (level 11, -7/123 HPs)
             Began as an Ogre Wanderer on Dec 6, 2014.
             Was the Champion of the Shining One.
             Mangled by a death yak simulacrum (12 damage)
             ... in an ice cave.
             The game lasted 00:50:28 (16178 turns).

Ratboiler the Basher (Ogre Wanderer)               Turns: 16178, Time: 00:50:29

Health: -7/123     AC:  6    Str: 18    XL:     11   Next: 96%
Magic:  11/11      EV: 12    Int: 12    God:    the Shining One [******]
Gold:   485        SH:  7    Dex: 12    Spells: 2 memorised, 7 levels left

rFire  + . .     SeeInvis +     b - +0 whip (elec)
rCold  + . .     Clarity  .     S - +0 animal skin
rNeg   + + +     SustAb   .     v - +0 shield
rPois  .         Gourm    .     n - +2 hat {SInv}
rElec  .         Spirit   .     j - +0 cloak
rCorr  .         Warding  .     (gloves unavailable)
rMut   .         Stasis   .     (boots unavailable)
MR     +....                    l - amulet of faith
Stlth  +.........               Y - ring of protection from fire
                                t - ring of protection from cold

@: very slightly contaminated, glowing, somewhat resistant to hostile
enchantments, very unstealthy
A: unfitting armour, tough skin 1
a: Divine Shield, Cleansing Flame, Summon Divine Warrior, Renounce Religion


You were in an ice cave.
You worshipped the Shining One.
The Shining One was exalted by your worship.
You were not hungry.

You visited 3 branches of the dungeon, and saw 15 of its levels.
You also visited: Ice Cave.

You collected 677 gold pieces.
You spent 192 gold pieces at shops.

Inventory:

Hand weapons
 b - a +0 whip of electrocution (weapon)
 k - a +0 hand crossbow
 C - a +0 giant spiked club of flaming
 K - the +0 mace "Oddid" {flame, rElec Int+1}
   (You bought it in a shop on level 7 of the Dungeon)

   It emits flame when wielded, causing extra injury to most foes and up to
   double damage against particularly susceptible opponents.
   It affects your intelligence (+1).
   It insulates you from electricity.
Missiles
 e - 89 bolts
 W - 8 bolts of penetration
Armour
 j - a +0 cloak (worn)
 n - a +2 hat of see invisible (worn)
 v - a +0 shield (worn)
 S - a +0 animal skin (worn)
 U - a +0 large shield
Jewellery
 d - an uncursed amulet of regeneration {unknown}
 l - an amulet of faith (around neck)
 t - a ring of protection from cold (left hand)
 Y - a ring of protection from fire (right hand)
Magical devices
 c - a wand of frost (28)
 h - a wand of frost (14)
 p - a wand of polymorph (10)
 r - a wand of teleportation (1)
 z - a wand of hasting (0)
 D - a wand of paralysis (8)
 G - a wand of flame (21)
 Q - a wand of slowing (16)
Scrolls
 a - 2 scrolls of immolation
 A - 5 scrolls of enchant armour
 E - 2 scrolls of amnesia
 V - 5 scrolls of remove curse
Potions
 f - a potion of flight
 u - 2 potions of curing
 x - a potion of magic
 J - a potion of brilliance {unknown}
 L - 3 potions of cancellation {unknown}
 M - a potion of agility {unknown}
 X - 2 potions of restore abilities {unknown}
 Z - 2 potions of berserk rage {unknown}
Comestibles
 g - a meat ration
 w - 3 bread rations


   Skills:
 - Level 11.7 Fighting
 - Level 14.2 Maces & Flails
   Level 1.0 Bows
 - Level 1.1 Throwing
 - Level 1.0 Armour
 + Level 11.6 Dodging
 - Level 1.0 Stealth


You had 7 spell levels left.
You knew the following spells:

 Your Spells              Type           Power        Failure   Level  Hunger
a - Infusion              Chrm           #.....       99%         1    ##.....
b - Song of Slaying       Chrm           #.......     100%        2    ###....


Dungeon Overview and Level Annotations

Branches:
Dungeon (11/15)            Temple (1/1) D:4            Lair (3/8) D:10
    Orc (0/4) D:11
  Swamp: Lair:3-6    Shoals: Lair:3-6     Snake: Lair:3-6    Spider: Lair:3-6

Altars:
Ashenzari
Cheibriados
Dithmenos
Elyvilon
Fedhas
Gozag
Kikubaaqudgha
Makhleb
Nemelex Xobeh
Okawaru
Qazlal
Ru
Sif Muna
Trog
Vehumet
Xom
Yredelemnul
Zin
The Shining One
Jiyva

Shops:
D:6 [   D:7 (

Annotations:
D:7 Edmund IceCv exclusion: ice statue


Innate Abilities, Weirdness & Mutations

You are too large for most types of armour.
You have tough skin (AC +1).


Message History

Your surroundings suddenly seem different.
An ice beast comes into view.
You hear a distant blaring wail to the southwest.
You block the ice beast's attack.
Read which item? (? for menu, Esc to quit)
Blink to where?
Press: ? - help, Dir - move target cursor
As you read the scroll of blinking, it crumbles to dust.
A white imp comes into view.
The alligator simulacrum barely misses you.
The alligator simulacrum tail-slaps you.
* * * LOW HITPOINT WARNING * * *
The alligator simulacrum freezes you! You resist.
* * * LOW HITPOINT WARNING * * *
Read which item? (? for menu, Esc to quit)
Blink to where?
Press: ? - help, Dir - move target cursor
As you read the scroll of blinking, it crumbles to dust.
The death yak simulacrum gores you!
You die...

### #..## ....## ####
.....# ##..######
##.....# ##....##..##
###......##
#..........###.5.......#
#.∩.∩...5.ZZ#.ZY.......#
#.......##@...##.......#
##....#####..####.Z...##
##..## #### #......#
#### #.Y..## ##...#
##Y.## # ##§.# ##
#Y.####Y #..5#..5


You could see an ice beast, 2 white imps, an alligator simulacrum, a death yak
simulacrum and a polar bear simulacrum.

Vanquished Creatures
  6 spiny frogs
  A komodo dragon (Lair:2)
  A troll (D:10)
  9 blink frogs
  A deep elf mage (D:11)
  5 hippogriffs
  2 hungry ghosts
  3 water moccasins (Lair:1)
  6 wolves (Lair:1)
  6 porcupines
  5 ice beasts
  A black bear (D:8)
  3 centaurs
  2 necrophages
  2 orc warriors
  A sky beast (D:5)
  7 ogres
  9 big kobolds
  5 crocodiles
  8 giant frogs
  7 scorpions
  4 killer bees (D:9)
  4 wights (D:10)
  2 electric eels (Lair:1)
  4 crimson imps
  6 hounds
  5 giant frog zombies
  9 iguanas
  3 orc priests (D:9)
  7 jellies
  A giant frog skeleton (D:6)
  Natasha (D:6)
  5 worker ants
  3 orc wizards
  8 sheep (Lair:1)
  A killer bee zombie (D:10)
  Ijyb (D:6)
  A hound skeleton (D:9)
  7 gnolls
  21 river rats
  13 adders
  A shadow imp (D:10)
  3 giant mites
  2 worms (D:2)
  An adder skeleton (D:7)
  6 giant geckos
  4 oozes
  25 orcs
  13 bats
  13 hobgoblins
  8 jackals
  4 quokkas
  2 ball pythons
  A ball python skeleton (D:4)
  6 giant cockroaches
  A giant cockroach zombie (D:6)
  5 giant newts
  15 goblins
  28 kobolds
  14 rats
348 creatures vanquished.

Vanquished Creatures (others)
  A giant spore (D:10)
  A plant (Lair:1)
  A toadstool (D:5)
3 creatures vanquished.

Grand Total: 351 creatures vanquished

Notes
Turn   | Place    | Note
--------------------------------------------------------------
     0 | D:1      | Ratboiler, the Ogre Wanderer, began the quest for the Orb.
     0 | D:1      | Ratboiler set off with: a +2 shortbow, a +0 hand crossbow, a scroll of teleportation, a +0 robe, 26 bolts, 27 arrows, a meat ration
     0 | D:1      | Reached XP level 1. HP: 29/29 MP: 1/1
   160 | D:1      | Reached skill level 7 in Fighting
   160 | D:1      | Reached XP level 2. HP: 37/40 MP: 2/2
   415 | D:1      | Found a sparkling altar of Nemelex Xobeh.
   713 | D:1      | Reached XP level 3. HP: 46/46 MP: 3/3
  1505 | D:2      | Reached XP level 4. HP: 55/55 MP: 4/4
  1792 | D:3      | Reached skill level 5 in Maces & Flails
  1846 | D:3      | Reached XP level 5. HP: 62/62 MP: 5/5
  2387 | D:4      | Found a staircase to the Ecumenical Temple.
  2397 | Temple   | Entered the Ecumenical Temple
  2427 | Temple   | Became a worshipper of the Shining One
  2878 | D:4      | Found a basalt altar of Yredelemnul.
  2893 | D:4      | Found an iron altar of Okawaru.
  2900 | D:4      | Found a shimmering altar of Xom.
  3380 | D:5      | Entered Level 5 of the Dungeon
  3466 | D:5      | Reached XP level 6. HP: 66/71 MP: 6/6
  3634 | D:5      | Noticed an ogre
  3645 | D:5      | Killed an ogre
  3840 | D:5      | Noticed an ogre
  4072 | D:4      | Reached skill level 8 in Maces & Flails
  4264 | D:5      | Reached XP level 7. HP: 71/78 MP: 7/7
  4286 | D:5      | Found a viscous altar of Jiyva.
  4290 | D:5      | Reached skill level 9 in Maces & Flails
  4386 | D:5      | Killed an ogre
  4503 | D:5      | Reached skill level 10 in Maces & Flails
  4545 | D:5      | Acquired the Shining One's first power
  4921 | D:6      | Reached XP level 8. HP: 85/87 MP: 8/8
  5068 | D:6      | Noticed Ijyb
  5095 | D:6      | Killed Ijyb
  5095 | D:6      | Reached skill level 11 in Maces & Flails
  5332 | D:6      | Identified a scroll of acquirement
  5338 | D:6      | Found Kiemm's Armour Emporium.
  5457 | D:6      | Noticed Natasha
  5461 | D:6      | Killed Natasha
  5568 | D:6      | Reached skill level 12 in Maces & Flails
  5795 | D:6      | Found a sparkling altar of Nemelex Xobeh.
  6043 | D:7      | Found Gar Ilasch's Antique Weapon Shop.
  6135 | D:7      | Bought an encrusted mace for 192 gold pieces
  6135 | D:7      | Identified the cursed +0 mace "Oddid" {flame, rElec Int+1} (You bought it in a shop on level 7 of the Dungeon)
  6161 | D:7      | Noticed Edmund
  6440 | D:7      | Reached skill level 13 in Maces & Flails
  6583 | D:7      | Found a sacrificial altar of Ru.
  6584 | D:7      | Found a shadowy altar of Dithmenos.
  6584 | D:7      | Found a white marble altar of Elyvilon.
  6589 | D:7      | Found a radiant altar of Vehumet.
  6609 | D:7      | You fall through a shaft for 3 floors!
  6609 | D:10     | Entered Level 10 of the Dungeon
  6848 | D:10     | Reached XP level 9. HP: 89/93 MP: 9/9
  7102 | D:9      | Acquired the Shining One's second power
  7121 | D:9      | Reached skill level 14 in Maces & Flails
  7362 | D:9      | Reached skill level 1 in Dodging
  7898 | D:8      | Found a burning altar of Makhleb.
  7935 | D:8      | Found a glowing silver altar of Zin.
  7935 | D:8      | Noticed a blizzard demon
  7935 | D:8      | Noticed an angel
  8339 | D:8      | Reached skill level 10 in Fighting
  8339 | D:8      | Reached XP level 10. HP: 78/110 MP: 10/10
  9054 | D:9      | Reached skill level 5 in Dodging
  9792 | D:9      | Found a shattered altar of Ashenzari.
 10496 | D:10     | Learned a level 1 spell: Infusion
 10499 | D:10     | Learned a level 2 spell: Song of Slaying
 10530 | D:10     | Acquired the Shining One's third power
 10920 | D:10     | Found a staircase to the Lair.
 11125 | D:11     | Found a staircase to the Orcish Mines.
 11905 | Lair:1   | Entered Level 1 of the Lair of Beasts
 12119 | Lair:1   | Reached XP level 11. HP: 95/123 MP: 11/11
 12304 | Lair:1   | Noticed a black mamba
 13503 | Lair:2   | Acquired the Shining One's fourth power
 13717 | Lair:2   | Reached skill level 10 in Dodging
 13973 | Lair:2   | Noticed a four-headed hydra
 16108 | Lair:3   | Found a frozen archway.
 16117 | IceCv    | Entered an ice cave
 16135 | IceCv    | Noticed an ice statue
 16137 | IceCv    | Noticed a necromancer
 16139 | IceCv    | Found an ancient bone altar of Kikubaaqudgha.
 16177 | IceCv    | HP: 5/123 [alligator simulacrum (12)]
 16178 | IceCv    | Mangled by a death yak simulacrum

Action                   |  1- 3 |  4- 6 |  7- 9 | 10-12 || total
-------------------------+-------+-------+-------+-------++-------
Melee: Club              |    37 |       |       |       ||    37
       Whip              |       |   142 |   352 |   621 ||  1115
       Mace              |       |       |    28 |    24 ||    52
 Fire: Shortbow          |    88 |    36 |     4 |    25 ||   153
Evoke: Wand              |       |       |     3 |    14 ||    17
  Use: Scroll            |       |     6 |    12 |    17 ||    35
       Potion            |       |     1 |       |     5 ||     6
 Stab: Sleeping          |       |     1 |       |       ||     1
  Eat: Chunk             |     2 |     6 |    10 |    13 ||    31
       Royal jelly       |       |     1 |       |     1 ||     2
       Fruit             |       |       |     3 |       ||     3
       Pizza             |       |       |     1 |       ||     1
       Bread ration      |       |       |       |     1 ||     1
       Meat ration       |       |       |       |     2 ||     2
